 Dungeon Crawl Stone Soup version 0.18-a0-1713-g50a528e (webtiles) character file.

88 MrRokkomies the Caller (level 4, -4/36 HPs)
             Began as a Demigod Summoner on Apr 7, 2016.
             Killed by nerve-wracking pain
             ... invoked by Grinder
              (13 damage)
             ... on level 3 of the Dungeon.
             The game lasted 00:04:54 (2676 turns).

MrRokkomies the Caller (Demigod Summoner)           Turns: 2676, Time: 00:04:55

Health: -4/36      AC:  3    Str: 18    XL:     4   Next: 8%
Magic:  9/9        EV: 11    Int: 19    God:
Gold:   130        SH:  3    Dex: 16    Spells: 2 memorised, 2 levels left

rFire  . . .     SeeInvis .     a - +0 trident
rCold  . . .     Gourm    .     j - +0 robe
rNeg   . . .     Faith    .     h - +0 buckler
rPois  .         Spirit   .     (no helmet)
rElec  .         Dismiss  .     (no cloak)
rCorr  .         Reflect  .     (no gloves)
SustAt +         Harm     .     d - +0 pair of boots
MR     .....                    (no amulet)
Stlth  ++........               (no ring)
                                (no ring)

@: mighty, not resistant to hostile enchantments, unstealthy
A: high mp 1, sustain attributes
a: no special abilities


You were on level 3 of the Dungeon.
You were not hungry.

You visited 1 branch of the dungeon, and saw 3 of its levels.

You collected 130 gold pieces.

Inventory:

Hand Weapons
 a - a +0 trident (weapon)
 i - a +2 dagger of venom
Missiles
 f - 88 stones (quivered)
 n - 10 poisoned needles
Armour
 d - a +0 pair of boots (worn)
 h - a +0 buckler (worn)
 j - a +0 robe (worn)
Scrolls
 e - 2 scrolls of teleportation
 k - 2 scrolls of remove curse
Potions
 g - a potion of curing {unknown}
 p - a potion of berserk rage
Books
 b - a book of Callings

   Spells                             Type                      Level
   a - Summon Small Mammal            Summoning                    1
   b - Call Imp                       Summoning                    2
   c - Call Canine Familiar           Summoning                    3
   d - Summon Guardian Golem          Hexes/Summoning              3
   e - Summon Lightning Spire         Summoning/Air                4
   f - Summon Ice Beast               Ice/Summoning                4
Comestibles
 c - 3 bread rations
 m - a meat ration


   Skills:
 - Level 1.6 Fighting
 * Level 1.0 Polearms
 - Level 1.7 Dodging
 - Level 1.7 Stealth
 - Level 1.7 Spellcasting
 * Level 4.6 Summonings


You had 2 spell levels left.
You knew the following spells:

 Your Spells              Type           Power        Failure   Level  Hunger
a - Summon Small Mammal   Summ           ###.         4%          1    #......
b - Call Canine Familiar  Summ           ###.....     14%         3    ###....


Dungeon Overview and Level Annotations

Branches:
Dungeon (3/15)

Annotations:
D:3 Grinder


Innate Abilities, Weirdness & Mutations

You have an increased reservoir of magic (+10% MP).
Your attributes are resistant to harm.


Message History

You reach to attack!
You hit Grinder.
Grinder is heavily wounded.
You hit Grinder.
Grinder is heavily wounded.
Grinder hits you.
You closely miss Grinder.
Grinder is heavily wounded.
Grinder hits you!
You writhe in agony.
Grinder gestures at you. Pain shoots through your body!
* * * LOW HITPOINT WARNING * * *
You are too injured to fight recklessly!
You are too injured to fight recklessly!
You are too injured to fight recklessly!
You are too injured to fight recklessly!
You puncture Grinder!
Grinder is almost dead.
Grinder gestures at you. Pain shoots through your body!
You die...

#.5.............#
#.......$.......#
#...............#
#............#
###..#.#####..
##..........#
#......######
#######.#.#..##
#....@5.#.....#
#.<.....##..#.......
#.......##..###...(#
####.####...###.##..
####.# ##......... #
#....###....######
#....#....>.#
#......##...#
#....####......


You could see Grinder.

Vanquished Creatures
  A gnoll (D:1)
  3 adders (D:2)
  An ooze (D:2)
  3 dart slugs
  3 giant geckos
  5 bats
  A goblin (D:1)
  8 hobgoblins
  4 giant newts (D:2)
  3 kobolds
  5 rats
37 creatures vanquished.

Vanquished Creatures (collateral kills)
  An adder (D:2)
  A giant gecko (D:2)
  A giant cockroach (D:1)
3 creatures vanquished.

Grand Total: 40 creatures vanquished

Notes
Turn   | Place    | Note
--------------------------------------------------------------
     0 | D:1      | MrRokkomies the Demigod Summoner began the quest for the Orb.
     0 | D:1      | Reached XP level 1. HP: 14/14 MP: 5/5
   389 | D:1      | Reached skill level 1 in Fighting
   389 | D:1      | Reached XP level 2. HP: 4/23 MP: 4/7
   741 | D:1      | Found a shimmering altar of Xom.
   911 | D:1      | Reached skill level 4 in Summonings
  1636 | D:2      | Reached XP level 3. HP: 20/29 MP: 8/8
  1643 | D:2      | Learned a level 3 spell: Call Canine Familiar
  1749 | D:2      | Found an opulent altar of Gozag.
  1754 | D:2      | Found a glowing silver altar of Zin.
  2195 | D:2      | Reached skill level 1 in Polearms
  2196 | D:2      | Reached XP level 4. HP: 21/36 MP: 9/9
  2519 | D:2      | Found a sacrificial altar of Ru.
  2526 | D:2      | Found a shattered altar of Ashenzari.
  2531 | D:2      | Found a deep blue altar of Sif Muna.
  2538 | D:2      | Found a basalt altar of Yredelemnul.
  2543 | D:2      | Found a burning altar of Makhleb.
  2554 | D:2      | Found an oddly glowing altar of Pakellas.
  2561 | D:2      | Found a blossoming altar of Fedhas.
  2644 | D:3      | Noticed Grinder
  2657 | D:3      | Paralysed by Grinder for 7 turns
  2676 | D:3      | Killed from afar by Grinder

Vault maps used:
D:1:      mrwooster_arrival_arrow, xom_teletrap_fun
D:2:      grunt_temple_overflow_gold_and_silver, grunt_temple_overflow_octagram,
          minmay_misc_feat_tower, minmay_close_crescents
D:3:      uniq_natasha, uniq_robin, uniq_grinder

Skill      XL: |  1  2  3 |
---------------+----------+-----
Fighting       | 1 |  1.6
Summonings     | 4 |  4.6
Polearms       | 1 |  1.0
Dodging        | |  1.7
Stealth        | |  1.7
Spellcasting   | |  1.7

Action                   |  1- 3 |  4- 6 || total
-------------------------+-------+-------++-------
Melee: Whip              |    54 |       ||    54
       Dagger            |    34 |       ||    34
       Trident           |    41 |    29 ||    70
 Cast: Summon Small Mamm |     9 |       ||     9
       Call Canine Famil |     2 |       ||     2
  Use: Scroll            |     4 |     1 ||     5
       Potion            |       |     1 ||     1
 Stab: Sleeping          |     2 |     1 ||     3
  Eat: Chunk             |     4 |     2 ||     6
